2426 views
Uploaded 2024-11-15 05:22:28
Game version 1.36 (6115)
30:12 long 3on3 ladder game on (6)TimbermawHold
Saved by Cabeelibob
2426 views
Uploaded 2024-11-15 05:22:28
Game version 1.36 (6115)
30:12 long 3on3 ladder game on (6)TimbermawHold


121 units @ 19.5k
/ 3.8k
83 buildings @ 9.8k
/ 3.7k


| Scroll of Regeneration | 1 | 100 |
| Potion of Healing | 1 | 150 |
| Scroll of Town Portal | 2 | 700 |
| total: | 4 | 950g |
| Peasant | 18 | 1350 | / | 0 |
| Rifleman | 21 | 4305 | / | 630 |
| Siege Engine | 4 | 780 | / | 240 |
| total: | 43 | 6435g | / | 870w |
| Scout Tower | 10 | 300 | / | 200 |
| Arcane Tower | 4 | 280 | / | 200 |
| Guard Tower | 8 | 560 | / | 400 |
| Farm | 14 | 1120 | / | 280 |
| Altar of Kings | 2 | 360 | / | 100 |
| Blacksmith | 1 | 140 | / | 60 |
| Barracks | 2 | 320 | / | 120 |
| Arcane Vault | 1 | 130 | / | 30 |
| Lumber Mill | 1 | 120 | / | 0 |
| Town Hall | 1 | 385 | / | 205 |
| Cannon Tower | 6 | 720 | / | 600 |
| Workshop | 2 | 280 | / | 280 |
| Keep | 2 | 640 | / | 420 |
| Castle | 2 | 720 | / | 420 |
| total: | 34 | 3155g | / | 1275w |
| 0:04 | Peasant |
| 0:04 | Peasant |
| 0:04 | Peasant |
| 0:04 | Peasant |
| 0:20 | Farm |
| 0:36 | Altar of Kings |
| 0:52 | Peasant |
| 0:56 | Farm |
| 1:00 | Peasant |
| 1:09 | Blacksmith |
| 1:11 | Peasant |
| 1:11 | Peasant |
| 1:21 | Peasant |
| 1:36 | Barracks |
| 1:58 | Peasant |
| 2:02 | Farm |
| 2:22 | Barracks |
| 2:28 | Farm |
| 2:41 | Blizzard |
| 2:44 | Rifleman |
| 2:44 | Rifleman |
| 2:45 | Rifleman |
| 2:49 | Rifleman |
| 3:11 | Rifleman |
| 3:31 | Arcane Vault |
| 3:51 | Rifleman |
| 4:19 | Scout Tower |
| 4:27 | Rifleman |
| 4:37 | Scroll of Regeneration |
| 4:50 | Lumber Mill |
| 5:00 | Arcane Tower |
| 5:36 | Farm |
| 5:48 | Farm |
| 5:51 | Brilliance Aura |
| 6:08 | Scout Tower |
| 6:36 | Rifleman |
| 6:51 | Arcane Tower |
| 6:52 | Farm |
| 6:53 | Rifleman |
| 6:53 | Rifleman |
| 7:11 | Rifleman |
| 7:43 | Blizzard |
| 7:47 | Rifleman |
| 8:08 | Keep |
| 8:47 | Farm |
| 9:15 | Rifleman |
| 10:09 | Rifleman |
| 10:29 | Rifleman |
| 11:00 | Town Hall |
| 11:17 | Scout Tower |
| 12:21 | Scout Tower |
| 12:23 | Guard Tower |
| 13:10 | Rifleman |
| 13:30 | Flame Strike |
| 13:49 | Guard Tower |
| 13:51 | Workshop |
| 14:04 | Castle |
| 15:03 | Rifleman |
| 15:05 | Long Rifles |
| 15:20 | Workshop |
| 15:21 | Peasant |
| 15:21 | Peasant |
| 15:22 | Peasant |
| 15:22 | Peasant |
| 16:06 | Rifleman |
| 16:39 | Barrage |
| 16:39 | Siege Engine |
| 16:42 | Scout Tower |
| 16:47 | Potion of Healing |
| 16:52 | Scroll of Town Portal |
| 16:52 | Scroll of Town Portal |
| 17:05 | Scout Tower |
| 17:09 | Improved Masonry |
| 17:09 | Advanced Masonry |
| 17:18 | Guard Tower |
| 17:23 | Farm |
| 17:34 | Farm |
| 17:36 | Farm |
| 17:45 | Black Gunpowder |
| 18:03 | Scout Tower |
| 18:07 | Siege Engine |
| 18:39 | Peasant |
| 18:39 | Peasant |
| 18:50 | Cannon Tower |
| 20:18 | Siege Engine |
| 20:23 | Refined Gunpowder |
| 20:42 | Peasant |
| 20:42 | Peasant |
| 20:44 | Backpack |
| 20:47 | Scout Tower |
| 21:23 | Cannon Tower |
| 21:24 | Farm |
| 21:38 | Guard Tower |
| 21:59 | Siege Engine |
| 22:01 | Farm |
| 22:02 | Farm |
| 22:46 | Scout Tower |
| 23:09 | Rifleman |
| 23:39 | Brilliance Aura |
| 23:51 | Rifleman |
| 24:02 | Rifleman |
| 25:00 | Cannon Tower |
| 27:43 | Altar of Kings |
| 30:06 | Scout Tower |
| Select group | 3105 |
| Right click | 1887 |
| Select | 1000 |
| Misc. action | 355 |
| Build/train/purchase | 92 |
| Use ability | 51 |
| Assign group | 37 |
| Minimap ping | 19 |
| Resource trade | 14 |
| Item give/drop | 2 |
| Remove unit | 2 |


| Potion of Healing | 1 | 150 |
| total: | 1 | 150g |
| Peasant | 14 | 1050 | / | 0 |
| Footman | 6 | 810 | / | 0 |
| Rifleman | 6 | 1230 | / | 180 |
| Mortar Team | 22 | 3960 | / | 1540 |
| total: | 48 | 7050g | / | 1720w |
| Scout Tower | 4 | 120 | / | 80 |
| Arcane Tower | 4 | 280 | / | 200 |
| Farm | 10 | 800 | / | 200 |
| Altar of Kings | 2 | 360 | / | 100 |
| Barracks | 1 | 160 | / | 60 |
| Arcane Vault | 1 | 130 | / | 30 |
| Blacksmith | 1 | 140 | / | 60 |
| Lumber Mill | 1 | 120 | / | 0 |
| Workshop | 6 | 840 | / | 840 |
| Keep | 2 | 640 | / | 420 |
| total: | 26 | 2670g | / | 1370w |
| 0:05 | Peasant |
| 0:05 | Peasant |
| 0:05 | Peasant |
| 0:05 | Peasant |
| 0:05 | Peasant |
| 0:05 | Peasant |
| 0:05 | Peasant |
| 0:22 | Farm |
| 0:24 | Altar of Kings |
| 0:33 | Peasant |
| 0:51 | Barracks |
| 0:59 | Peasant |
| 0:59 | Peasant |
| 1:06 | Farm |
| 1:07 | Farm |
| 1:21 | Peasant |
| 1:22 | Peasant |
| 1:46 | Peasant |
| 1:46 | Peasant |
| 2:04 | Footman |
| 2:04 | Footman |
| 2:21 | Cluster Rockets |
| 2:28 | Footman |
| 2:28 | Footman |
| 2:31 | Farm |
| 2:52 | Footman |
| 2:52 | Footman |
| 3:37 | Keep |
| 3:39 | Arcane Vault |
| 3:58 | Blacksmith |
| 4:09 | Scout Tower |
| 4:28 | Arcane Tower |
| 5:06 | Rifleman |
| 5:06 | Rifleman |
| 5:14 | Farm |
| 5:15 | Farm |
| 5:16 | Farm |
| 5:37 | Engineering Upgrade |
| 6:03 | Long Rifles |
| 6:24 | Workshop |
| 7:06 | Siphon Mana |
| 7:46 | Mortar Team |
| 7:47 | Mortar Team |
| 7:54 | Potion of Healing |
| 8:27 | Black Gunpowder |
| 8:28 | Studded Leather Armor |
| 8:29 | Rifleman |
| 8:30 | Mortar Team |
| 8:46 | Farm |
| 10:23 | Cluster Rockets |
| 11:33 | Rifleman |
| 11:33 | Rifleman |
| 11:34 | Mortar Team |
| 11:34 | Mortar Team |
| 11:34 | Mortar Team |
| 12:26 | Workshop |
| 13:23 | Mortar Team |
| 13:23 | Mortar Team |
| 13:32 | Mortar Team |
| 13:32 | Mortar Team |
| 13:32 | Mortar Team |
| 13:40 | Flame Strike |
| 14:01 | Farm |
| 14:02 | Farm |
| 15:16 | Mortar Team |
| 15:16 | Mortar Team |
| 15:16 | Mortar Team |
| 15:32 | Scout Tower |
| 15:33 | Scout Tower |
| 15:34 | Scout Tower |
| 16:14 | Arcane Tower |
| 16:54 | Rifleman |
| 17:03 | Workshop |
| 17:05 | Workshop |
| 17:22 | Workshop |
| 17:30 | Lumber Mill |
| 17:49 | Workshop |
| 18:14 | Mortar Team |
| 18:33 | Mortar Team |
| 18:39 | Improved Lumber Harvesting |
| 19:00 | Mortar Team |
| 19:00 | Mortar Team |
| 19:21 | Mortar Team |
| 19:21 | Mortar Team |
| 20:50 | Mortar Team |
| 20:50 | Mortar Team |
| 25:25 | Altar of Kings |
| Right click | 633 |
| Select group | 610 |
| Select | 282 |
| Misc. action | 114 |
| Build/train/purchase | 76 |
| Assign group | 57 |
| Use ability | 33 |
| Resource trade | 19 |
| Esc | 2 |

| Potion of Healing | 1 | 150 |
| Scroll of Town Portal | 2 | 700 |
| Orb of Fire | 1 | 325 |
| total: | 4 | 1175g |
| Acolyte | 7 | 525 | / | 0 |
| Ghoul | 3 | 360 | / | 0 |
| Crypt Fiend | 15 | 3225 | / | 600 |
| Frost Wyrm | 5 | 1925 | / | 600 |
| total: | 30 | 6035g | / | 1200w |
| Nerubian Tower | 1 | 100 | / | 20 |
| Spirit Tower | 4 | 580 | / | 160 |
| Ziggurat | 13 | 1950 | / | 650 |
| Altar of Darkness | 1 | 180 | / | 50 |
| Crypt | 2 | 400 | / | 100 |
| Graveyard | 2 | 430 | / | 0 |
| Tomb of Relics | 1 | 130 | / | 30 |
| Necropolis | 3 | 675 | / | 0 |
| Boneyard | 1 | 175 | / | 200 |
| Halls of the Dead | 2 | 640 | / | 420 |
| Black Citadel | 1 | 325 | / | 230 |
| total: | 23 | 3940g | / | 1030w |
| 0:04 | Acolyte |
| 0:04 | Acolyte |
| 0:07 | Ziggurat |
| 0:10 | Altar of Darkness |
| 0:34 | Crypt |
| 1:00 | Graveyard |
| 1:20 | Ziggurat |
| 1:29 | Tomb of Relics |
| 1:41 | Ghoul |
| 1:53 | Ghoul |
| 2:11 | Spiked Carapace |
| 2:26 | Ghoul |
| 2:35 | Crypt Fiend |
| 3:13 | Crypt Fiend |
| 3:31 | Crypt Fiend |
| 3:39 | Halls of the Dead |
| 4:12 | Nerubian Tower |
| 4:16 | Crypt Fiend |
| 4:33 | Impale |
| 4:49 | Ziggurat |
| 4:54 | Creature Attack |
| 4:55 | Creature Carapace |
| 5:42 | Crypt Fiend |
| 5:44 | Spirit Tower |
| 6:31 | Black Citadel |
| 6:34 | Ziggurat |
| 6:38 | Spiked Carapace |
| 6:51 | Improved Creature Attack |
| 6:55 | Web |
| 7:46 | Crypt Fiend |
| 7:48 | Improved Creature Carapace |
| 8:21 | Ziggurat |
| 8:51 | Crypt Fiend |
| 8:55 | Boneyard |
| 10:40 | Frost Wyrm |
| 10:40 | Frost Wyrm |
| 10:43 | Crypt Fiend |
| 10:45 | Advanced Creature Carapace |
| 12:48 | Advanced Creature Attack |
| 12:50 | Crypt Fiend |
| 12:57 | Acolyte |
| 12:57 | Acolyte |
| 13:40 | Impale |
| 13:50 | Necropolis |
| 13:56 | Frost Wyrm |
| 14:10 | Ziggurat |
| 15:00 | Crypt Fiend |
| 15:03 | Frost Wyrm |
| 16:40 | Scroll of Town Portal |
| 16:41 | Orb of Fire |
| 16:42 | Potion of Healing |
| 16:45 | Crypt Fiend |
| 17:20 | Crypt Fiend |
| 18:34 | Crypt Fiend |
| 18:36 | Frost Wyrm |
| 19:36 | Necropolis |
| 20:33 | Scroll of Town Portal |
| 21:44 | Ziggurat |
| 21:48 | Ziggurat |
| 22:17 | Acolyte |
| 22:17 | Acolyte |
| 22:21 | Ziggurat |
| 24:04 | Acolyte |
| 25:06 | Graveyard |
| 25:26 | Ziggurat |
| 25:34 | Ziggurat |
| 26:02 | Ziggurat |
| 26:32 | Spiked Carapace |
| 26:39 | Spirit Tower |
| 26:40 | Spirit Tower |
| 26:42 | Spirit Tower |
| 27:45 | Crypt |
| 27:55 | Halls of the Dead |
| 28:52 | Necropolis |
| 29:21 | Crypt Fiend |
| 29:21 | Crypt Fiend |
| 29:28 | Ziggurat |
| Right click | 1288 |
| Select | 170 |
| Select group | 88 |
| Build/train/purchase | 66 |
| Use ability | 36 |
| Assign group | 14 |
| Minimap ping | 1 |
91 units @ 8.9k
/ 1.3k
138 buildings @ 9.9k
/ 5.3k
DudeWhy
(236)
(30:08) : 


| Peasant | 25 | 1875 | / | 0 |
| Mortar Team | 7 | 1260 | / | 490 |
| Flying Machine | 1 | 100 | / | 30 |
| total: | 33 | 3235g | / | 520w |
| Scout Tower | 28 | 840 | / | 560 |
| Arcane Tower | 1 | 70 | / | 50 |
| Guard Tower | 13 | 910 | / | 650 |
| Altar of Kings | 1 | 180 | / | 50 |
| Lumber Mill | 1 | 120 | / | 0 |
| Farm | 6 | 480 | / | 120 |
| Town Hall | 4 | 1540 | / | 820 |
| Blacksmith | 1 | 140 | / | 60 |
| Cannon Tower | 1 | 120 | / | 100 |
| Workshop | 1 | 140 | / | 140 |
| Keep | 1 | 320 | / | 210 |
| Castle | 1 | 360 | / | 210 |
| total: | 42 | 3440g | / | 1750w |
| 0:01 | Peasant |
| 0:04 | Altar of Kings |
| 0:15 | Peasant |
| 0:18 | Lumber Mill |
| 0:21 | Peasant |
| 0:32 | Farm |
| 0:33 | Peasant |
| 0:38 | Peasant |
| 0:48 | Peasant |
| 1:05 | Farm |
| 1:21 | Improved Lumber Harvesting |
| 1:22 | Peasant |
| 1:27 | Scout Tower |
| 1:33 | Peasant |
| 1:47 | Peasant |
| 2:04 | Peasant |
| 2:06 | Storm Bolt |
| 2:13 | Arcane Tower |
| 2:14 | Peasant |
| 2:18 | Improved Masonry |
| 2:51 | Peasant |
| 2:51 | Peasant |
| 2:57 | Scout Tower |
| 2:58 | Scout Tower |
| 3:05 | Peasant |
| 3:15 | Guard Tower |
| 3:16 | Guard Tower |
| 3:53 | Town Hall |
| 4:02 | Farm |
| 4:10 | Scout Tower |
| 4:11 | Scout Tower |
| 4:43 | Peasant |
| 4:43 | Peasant |
| 5:12 | Peasant |
| 5:30 | Guard Tower |
| 5:32 | Scout Tower |
| 5:43 | Keep |
| 5:46 | Peasant |
| 5:56 | Blacksmith |
| 5:59 | Bash |
| 6:00 | Bash |
| 6:09 | Scout Tower |
| 6:10 | Scout Tower |
| 6:10 | Scout Tower |
| 6:12 | Peasant |
| 6:22 | Scout Tower |
| 6:23 | Guard Tower |
| 6:24 | Scout Tower |
| 6:37 | Guard Tower |
| 6:45 | Scout Tower |
| 7:15 | Guard Tower |
| 7:17 | Scout Tower |
| 7:24 | Guard Tower |
| 7:31 | Black Gunpowder |
| 7:38 | Guard Tower |
| 7:44 | Guard Tower |
| 7:46 | Scout Tower |
| 8:05 | Scout Tower |
| 8:05 | Scout Tower |
| 8:46 | Guard Tower |
| 8:48 | Scout Tower |
| 8:55 | Workshop |
| 8:56 | Castle |
| 9:18 | Advanced Lumber Harvesting |
| 10:26 | Holy Light |
| 10:33 | Mortar Team |
| 10:33 | Mortar Team |
| 11:25 | Advanced Masonry |
| 12:10 | Mortar Team |
| 12:12 | Farm |
| 12:12 | Farm |
| 12:13 | Farm |
| 12:51 | Fragmentation Shards |
| 12:51 | Flare |
| 13:45 | Mortar Team |
| 13:53 | Flying Machine |
| 16:57 | Storm Bolt |
| 16:58 | Storm Bolt |
| 17:05 | Refined Gunpowder |
| 17:05 | Studded Leather Armor |
| 17:16 | Scout Tower |
| 17:17 | Scout Tower |
| 17:17 | Scout Tower |
| 17:18 | Scout Tower |
| 17:22 | Divine Shield |
| 17:23 | Imbued Masonry |
| 17:26 | Guard Tower |
| 17:27 | Scout Tower |
| 17:29 | Divine Shield |
| 18:08 | Brilliance Aura |
| 18:20 | Guard Tower |
| 18:22 | Scout Tower |
| 18:24 | Scout Tower |
| 18:26 | Scout Tower |
| 18:27 | Scout Tower |
| 18:34 | Peasant |
| 18:34 | Peasant |
| 18:34 | Peasant |
| 18:34 | Peasant |
| 18:35 | Peasant |
| 18:40 | Scout Tower |
| 18:41 | Scout Tower |
| 18:42 | Cannon Tower |
| 18:56 | Town Hall |
| 19:23 | Guard Tower |
| 21:51 | Holy Light |
| 22:22 | Blizzard |
| 22:33 | Bash |
| 22:34 | Bash |
| 24:46 | Peasant |
| 25:49 | Town Hall |
| 27:52 | Town Hall |
| 28:06 | Mortar Team |
| 28:06 | Mortar Team |
| 28:07 | Mortar Team |
| 29:47 | Storm Bolt |
| 29:49 | Divine Shield |
| 29:50 | Blizzard |
| 29:56 | Storm Bolt |
| Right click | 1689 |
| Select group | 664 |
| Select | 315 |
| Use ability | 121 |
| Build/train/purchase | 96 |
| Misc. action | 85 |
| Resource trade | 62 |
| Assign group | 14 |
| Esc | 4 |
| Minimap ping | 2 |
| Remove unit | 1 |


| Peasant | 16 | 1200 | / | 0 |
| Flying Machine | 18 | 1800 | / | 540 |
| Mortar Team | 1 | 180 | / | 70 |
| Dragonhawk Rider | 3 | 600 | / | 90 |
| total: | 38 | 3780g | / | 700w |
| Scout Tower | 53 | 1590 | / | 1060 |
| Arcane Tower | 13 | 910 | / | 650 |
| Guard Tower | 12 | 840 | / | 600 |
| Altar of Kings | 1 | 180 | / | 50 |
| Farm | 15 | 1200 | / | 300 |
| Lumber Mill | 1 | 120 | / | 0 |
| Blacksmith | 2 | 280 | / | 120 |
| Arcane Vault | 1 | 130 | / | 30 |
| Cannon Tower | 1 | 120 | / | 100 |
| Workshop | 4 | 560 | / | 560 |
| Gryphon Aviary | 1 | 140 | / | 150 |
| Keep | 1 | 320 | / | 210 |
| Castle | 1 | 360 | / | 210 |
| total: | 78 | 4200g | / | 2270w |
| 0:03 | Peasant |
| 0:03 | Peasant |
| 0:11 | Altar of Kings |
| 0:14 | Farm |
| 0:14 | Farm |
| 0:15 | Peasant |
| 0:29 | Peasant |
| 0:43 | Peasant |
| 0:49 | Lumber Mill |
| 1:11 | Peasant |
| 1:19 | Peasant |
| 1:19 | Peasant |
| 1:25 | Farm |
| 1:30 | Scout Tower |
| 1:33 | Farm |
| 1:37 | Peasant |
| 1:37 | Peasant |
| 1:45 | Improved Lumber Harvesting |
| 2:02 | Arcane Tower |
| 2:10 | Peasant |
| 2:40 | Peasant |
| 2:41 | Peasant |
| 2:43 | Scout Tower |
| 3:00 | Storm Bolt |
| 3:08 | Scout Tower |
| 3:09 | Scout Tower |
| 3:12 | Scout Tower |
| 3:16 | Scout Tower |
| 3:34 | Guard Tower |
| 3:36 | Scout Tower |
| 3:41 | Guard Tower |
| 3:47 | Scout Tower |
| 3:49 | Guard Tower |
| 3:57 | Scout Tower |
| 3:59 | Scout Tower |
| 4:03 | Scout Tower |
| 4:06 | Guard Tower |
| 4:08 | Scout Tower |
| 4:11 | Peasant |
| 4:18 | Guard Tower |
| 4:23 | Scout Tower |
| 4:24 | Scout Tower |
| 4:25 | Scout Tower |
| 4:49 | Guard Tower |
| 4:59 | Scout Tower |
| 5:02 | Scout Tower |
| 5:02 | Scout Tower |
| 5:07 | Keep |
| 5:10 | Arcane Tower |
| 5:34 | Arcane Tower |
| 5:37 | Arcane Tower |
| 5:45 | Scout Tower |
| 5:47 | Scout Tower |
| 6:01 | Arcane Tower |
| 6:05 | Improved Masonry |
| 6:08 | Guard Tower |
| 6:11 | Scout Tower |
| 6:13 | Scout Tower |
| 6:18 | Scout Tower |
| 6:20 | Scout Tower |
| 6:34 | Arcane Tower |
| 6:43 | Scout Tower |
| 6:45 | Scout Tower |
| 6:45 | Scout Tower |
| 6:46 | Scout Tower |
| 6:47 | Scout Tower |
| 6:47 | Scout Tower |
| 6:49 | Scout Tower |
| 6:50 | Scout Tower |
| 6:50 | Scout Tower |
| 6:54 | Guard Tower |
| 7:02 | Blacksmith |
| 7:12 | Guard Tower |
| 7:20 | Blacksmith |
| 7:30 | Castle |
| 7:33 | Advanced Masonry |
| 7:43 | Workshop |
| 7:44 | Workshop |
| 7:48 | Workshop |
| 7:54 | Workshop |
| 7:58 | Scout Tower |
| 8:00 | Scout Tower |
| 8:02 | Black Gunpowder |
| 8:03 | Iron Plating |
| 8:50 | Farm |
| 8:51 | Farm |
| 8:59 | Scout Tower |
| 8:59 | Scout Tower |
| 9:01 | Scout Tower |
| 9:02 | Scout Tower |
| 9:05 | Guard Tower |
| 9:08 | Cannon Tower |
| 9:17 | Flying Machine |
| 9:19 | Flak Cannons |
| 9:31 | Refined Gunpowder |
| 9:37 | Flying Machine |
| 9:38 | Flying Machine |
| 9:46 | Holy Light |
| 9:53 | Scout Tower |
| 9:54 | Scout Tower |
| 10:00 | Arcane Tower |
| 10:11 | Arcane Tower |
| 10:12 | Arcane Tower |
| 10:15 | Flying Machine |
| 10:17 | Flying Machine Bombs |
| 10:19 | Steel Plating |
| 10:24 | Peasant |
| 10:25 | Peasant |
| 10:32 | Imbued Masonry |
| 10:43 | Guard Tower |
| 10:46 | Arcane Tower |
| 10:51 | Imbued Gunpowder |
| 10:55 | Flying Machine |
| 10:56 | Flying Machine |
| 11:02 | Scout Tower |
| 11:04 | Scout Tower |
| 11:07 | Scout Tower |
| 11:35 | Farm |
| 11:38 | Farm |
| 12:15 | Farm |
| 12:17 | Mortar Team |
| 12:28 | Mithril Plating |
| 12:34 | Farm |
| 12:37 | Farm |
| 12:44 | Guard Tower |
| 12:48 | Arcane Tower |
| 12:50 | Scout Tower |
| 12:52 | Scout Tower |
| 13:40 | Flying Machine |
| 13:40 | Flying Machine |
| 13:40 | Flying Machine |
| 13:41 | Flying Machine |
| 13:41 | Flying Machine |
| 13:41 | Flying Machine |
| 13:41 | Flying Machine |
| 13:47 | Arcane Tower |
| 13:50 | Scout Tower |
| 13:57 | Farm |
| 13:58 | Farm |
| 14:08 | Gryphon Aviary |
| 14:12 | Scout Tower |
| 14:12 | Scout Tower |
| 14:23 | Arcane Vault |
| 15:09 | Flying Machine |
| 15:09 | Flying Machine |
| 19:18 | Flying Machine |
| 19:18 | Flying Machine |
| 19:18 | Flying Machine |
| 19:20 | Cloud |
| 19:21 | Dragonhawk Rider |
| 19:21 | Dragonhawk Rider |
| 19:21 | Dragonhawk Rider |
| 19:24 | Farm |
| 19:24 | Farm |
| 19:36 | Scout Tower |
| 19:38 | Scout Tower |
| 19:39 | Scout Tower |
| 19:40 | Scout Tower |
| 22:28 | Holy Light |
| 26:00 | Divine Shield |
| 29:27 | Arcane Tower |
| Right click | 1582 |
| Select group | 1319 |
| Select | 342 |
| Build/train/purchase | 176 |
| Use ability | 21 |
| Minimap ping | 14 |
| Assign group | 9 |
| Misc. action | 5 |
Cabeelibob
(194)
(30:08) : 
| Healing Salve | 1 | 100 |
| Lesser Clarity Potion | 5 | 350 |
| Orb of Lightning | 1 | 375 |
| Potion of Mana | 4 | 800 |
| Potion of Healing | 1 | 150 |
| Tiny Great Hall | 1 | 600 |
| Boots of Speed | 1 | 250 |
| Staff of Teleportation | 1 | 150 |
| Circlet of Nobility | 1 | 175 |
| total: | 16 | 2950g |
| Peon | 15 | 1125 | / | 0 |
| Troll Witch Doctor | 5 | 725 | / | 125 |
| total: | 20 | 1850g | / | 125w |
| Watch Tower | 12 | 1320 | / | 960 |
| Altar of Storms | 1 | 180 | / | 50 |
| Orc Burrow | 2 | 320 | / | 80 |
| War Mill | 1 | 205 | / | 0 |
| Voodoo Lounge | 1 | 130 | / | 30 |
| Spirit Lodge | 1 | 150 | / | 150 |
| Stronghold | 1 | 315 | / | 190 |
| Fortress | 1 | 325 | / | 190 |
| total: | 18 | 2305g | / | 1270w |
| 0:04 | Altar of Storms |
| 0:06 | Peon |
| 0:06 | Peon |
| 0:13 | Orc Burrow |
| 0:15 | Peon |
| 0:37 | Peon |
| 0:53 | Peon |
| 0:58 | War Mill |
| 1:23 | Peon |
| 1:23 | Peon |
| 1:29 | Voodoo Lounge |
| 1:41 | Orc Burrow |
| 1:55 | Peon |
| 1:55 | Peon |
| 2:08 | Wind Walk |
| 2:15 | Peon |
| 2:35 | Spiked Barricades |
| 3:11 | Healing Salve |
| 3:11 | Lesser Clarity Potion |
| 3:28 | Stronghold |
| 3:32 | Watch Tower |
| 3:34 | Watch Tower |
| 3:38 | Watch Tower |
| 4:51 | Watch Tower |
| 4:53 | Watch Tower |
| 4:54 | Watch Tower |
| 4:58 | Watch Tower |
| 5:01 | Watch Tower |
| 5:03 | Watch Tower |
| 5:58 | Boots of Speed |
| 6:00 | Staff of Teleportation |
| 6:00 | Circlet of Nobility |
| 6:05 | Fortress |
| 6:22 | Watch Tower |
| 6:23 | Watch Tower |
| 6:34 | Reinforced Defenses |
| 6:59 | Critical Strike |
| 7:03 | Improved Spiked Barricades |
| 7:50 | Watch Tower |
| 8:54 | Spirit Lodge |
| 9:24 | Lesser Clarity Potion |
| 9:27 | Orb of Lightning |
| 9:54 | Lesser Clarity Potion |
| 9:56 | Potion of Mana |
| 10:54 | Potion of Healing |
| 10:54 | Potion of Mana |
| 12:17 | Witch Doctor Adept Training |
| 13:48 | Lesser Clarity Potion |
| 14:08 | Witch Doctor Master Training |
| 14:09 | Troll Witch Doctor |
| 14:09 | Troll Witch Doctor |
| 16:16 | Potion of Mana |
| 16:18 | Lesser Clarity Potion |
| 16:36 | Critical Strike |
| 16:47 | Troll Witch Doctor |
| 16:47 | Troll Witch Doctor |
| 16:48 | Troll Witch Doctor |
| 18:46 | Wind Walk |
| 21:55 | Potion of Mana |
| 21:58 | Tiny Great Hall |
| 22:58 | Critical Strike |
| 26:10 | Peon |
| 26:10 | Peon |
| 26:11 | Peon |
| 26:11 | Peon |
| 26:11 | Peon |
| 29:52 | Bladestorm |
| Right click | 980 |
| Select | 136 |
| Misc. action | 111 |
| Build/train/purchase | 106 |
| Select group | 101 |
| Resource trade | 54 |
| Use ability | 15 |
| Item give/drop | 3 |
| Assign group | 2 |
| Minimap ping | 1 |
⇛